 Dungeon Crawl Stone Soup version 0.18-a0-1789-gbeff17f (webtiles) character file.

53 M4edhros the Grave Robber (level 3, -1/21 HPs)
             Began as an Octopode Necromancer on Apr 21, 2016.
             Slain by a gnoll
             ... wielding a +0 spear
              (9 damage)
             ... on level 3 of the Dungeon.
             The game lasted 00:03:21 (653 turns).

M4edhros the Grave Robber (Octopode Necromancer)     Turns: 653, Time: 00:03:21

Health: -1/21      AC:  1    Str:  7    XL:     3   Next: 87%
Magic:  0/6        EV: 12    Int: 17    God:
Gold:   63         SH:  0    Dex: 13    Spells: 2 memorised, 2 levels left

rFire  . . .     SeeInvis .     j - +0 halberd
rCold  . . .     Gourm    .     (shield currently unavailable)
rNeg   . . .     Faith    .     (helmet restricted)
rPois  .         Spirit   .     (no amulet)
rElec  .         Dismiss  .     h - ring of flight
rCorr  .         Reflect  .     (no ring)
SustAt .         Harm     .     (no ring)
MR     .....                    (no ring)
Stlth  +++.......               (no ring)
                                (no ring)
                                (no ring)
                                (no ring)

@: very slightly contaminated, regenerating (expiring), not resistant to hostile
enchantments, fairly stealthy
A: almost no armour, amphibious, 8 rings, constrict 8, camouflage 1, gelatinous
body 1
a: Evoke Flight


You were on level 3 of the Dungeon.
You were hungry.

You visited 1 branch of the dungeon, and saw 4 of its levels.

You collected 63 gold pieces.

Inventory:

Hand Weapons
 j - a +0 halberd (weapon)
Jewellery
 h - a ring of flight (left tentacle)
Scrolls
 c - 2 scrolls of identify {unknown}
 e - 3 scrolls of teleportation {unknown}
 g - 2 scrolls of recharging {unknown}
 i - a scroll of remove curse {unknown}
Books
 a - a book of Necromancy

   Spells                             Type                      Level
   a - Pain                           Necromancy                   1
   b - Animate Skeleton               Necromancy                   1
   c - Vampiric Draining              Necromancy                   3
   d - Regeneration                   Charms/Necromancy            3
   e - Animate Dead                   Necromancy                   4
   f - Control Undead                 Necromancy                   4
Comestibles
 b - 3 bread rations
 d - a beef jerky


   Skills:
 - Level 2.0 Dodging
 - Level 2.6 Stealth
 + Level 3.3 Unarmed Combat
 - Level 2.0 Spellcasting
 - Level 4.0 Necromancy


You had 2 spell levels left.
You knew the following spells:

 Your Spells              Type           Power        Failure   Level  Hunger
a - Pain                  Necr           ###.         3%          1    #......
b - Regeneration          Chrm/Necr      #.........   24%         3    ###....


Dungeon Overview and Level Annotations

Branches:
Dungeon (4/15)
 Temple: D:4-7

Altars:
Fedhas


Innate Abilities, Weirdness & Mutations

You cannot wear most types of armour.
You are amphibious.
You can wear up to eight rings at the same time.
You can use your tentacles to constrict eight enemies at once.
Your skin changes colour to match your surroundings (Stealth).
Your rubbery body absorbs attacks (AC +1).


Message History

There is an escape hatch in the floor here.
Casting: Regeneration
Confirm with . or Enter, or press ? or * to list all spells.
You miscast Regeneration.
You are very lightly contaminated with residual magic.
Your skin glows momentarily.
Casting: Regeneration
Confirm with . or Enter, or press ? or * to list all spells.
You don't have enough magic to cast that spell.
A jackal comes into view.
Casting: Regeneration
Confirm with . or Enter, or press ? or * to list all spells.
Your skin crawls.
The gnoll hits you from afar with a spear!
The gnoll hits you with a spear!
You slash the gnoll! You grab the gnoll.
The gnoll is almost dead.
Your skin is crawling a little less now.
You constrict the gnoll. The gnoll hits you with a spear!
You die...

#.. #.# #.# #############.#
#>g...g....##.# #.########.##.#
############# #.# #.##.##
............######.# #......
###########.....@g.########..g...
# ###...............##... #
#.################### # #.# # #
#.# # # #.# # # #.# # # #.. # #
#h #


You could see a gnoll.

Vanquished Creatures
  A gnoll (D:3)
  An adder (D:2)
  A dart slug (D:1)
  3 orcs (D:3)
  4 bats
  A giant cockroach (D:3)
  2 hobgoblins (D:3)
  4 jackals (D:2)
  3 kobolds (D:3)
  A ball python (D:3)
  5 giant newts
  3 goblins
29 creatures vanquished.

Notes
Turn   | Place    | Note
--------------------------------------------------------------
     0 | D:1      | M4edhros the Octopode Necromancer began the quest for the Orb.
     0 | D:1      | Reached XP level 1. HP: 11/11 MP: 3/3
    87 | D:1      | Reached skill level 1 in Unarmed Combat
   158 | D:2      | Found a blossoming altar of Fedhas.
   199 | D:2      | Reached XP level 2. HP: 13/17 MP: 0/5
   266 | D:2      | Reached XP level 3. HP: 10/21 MP: 4/6
   285 | D:2      | Learned a level 3 spell: Regeneration
   614 | D:3      | Noticed a gnoll sergeant
   653 | D:3      | Slain by a gnoll

Vault maps used:
D:1:      minmay_arrival_three_doors
D:2:      lemuel_round_altar, ecumenical_altar_1, fedhas_altar_4
D:3:      lemuel_round_altar
D:4:      minmay_temple_entry_glassed_door, uniq_menkaure, uniq_pikel

Skill      XL: |  1  2  3 |
---------------+----------+-----
Unarmed Combat | 1 2 3 |  3.3
Dodging        | |  2.0
Stealth        | |  2.6
Spellcasting   | |  2.0
Necromancy     | |  4.0

Action                   || total
-------------------------++-------
Melee: Unarmed           ||    41
       Constrict         ||    11
       Tentacles         ||     6
       Punch             ||     4
       Halberd           ||     1
 Cast: Pain              ||    20
       Regeneration      ||     8
  Use: Potion            ||     1
 Stab: Sleeping          ||     1
Armor: Skin              ||     1
Dodge: Dodged            ||    34
